 Dungeon Crawl Stone Soup version 0.30.1-3-gfc49f6343a (webtiles) character file.

Game seed: 14176138917538844881

576 Babbit the Insei (level 7, -8/49 HPs)
             Began as a Merfolk Transmuter on Aug 3, 2023.
             Killed from afar by a white imp (12 damage)
             ... with a puff of frost
             ... on level 5 of the Dungeon.
             The game lasted 00:28:43 (4813 turns).

Babbit the Insei (Merfolk Transmuter)               Turns: 4813, Time: 00:28:43

Health: -8/49      AC: -1    Str: 11    XL:     7   Next: 35%
Magic:  10/12      EV: 14    Int: 14    God:
Gold:   181        SH:  0    Dex: 17    Spells: 10/13 levels left

rFire   + +          .
                       - Unarmed
rCold   . . .        (no shield)
rNeg    . . .        j - +1 robe {rF+}
rPois   .            (helmet currently unavailable)
rElec   .            (no cloak)
rCorr   .            (no gloves)
SInv    .            (boots currently unavailable)
Will    .....        e - amulet "Mecoadel" {Acrobat Dex+3}
Stlth   ++           d - ring of protection from fire
HPRegen 0.28/turn    (no ring)
MPRegen 0.13/turn

%: acrobat
@: appendages (expiring), wereblooded, corroded
A: horns 2, (nimble swimmer 2), mertail
a: End Transformation


You were on level 5 of the Dungeon.
You had temporarily grown beastly horns.
You visited 1 branch of the dungeon, and saw 5 of its levels.

You collected 181 gold pieces.

Inventory:

Armour
 j - a +1 robe of fire resistance (worn)
Jewellery
 d - a ring of protection from fire (left hand)
 e - the amulet "Mecoadel" (around neck) {Acrobat Dex+3}
   (You acquired it on level 1 of the Dungeon)

   [amulet of the acrobat]

   It increases your evasion while moving and waiting.
   Dex:       It affects your dexterity (+3).
 i - an amulet of regeneration
 k - an amulet of the acrobat
Wands
 m - a wand of digging (4)
 q - a wand of light (4)
Scrolls
 a - 4 scrolls of poison
 f - a scroll of enchant weapon {unknown}
 p - a scroll of teleportation {unknown}
Potions
 b - 2 potions of lignification
 c - 2 potions of might
 g - 3 potions of invisibility
 h - 2 potions of haste
 l - 2 potions of curing
 n - 4 potions of heal wounds {unknown}


   Skills:
 + Level 1.9 Fighting
 + Level 4.7 Dodging
 + Level 1.5 Stealth
 + Level 5.6 Unarmed Combat
 + Level 3.9 Spellcasting
 + Level 5.2 Transmutations


You had 10 spell levels left.
You knew the following spells:

 Your Spells              Type           Power      Damage    Failure   Level
a - Beastly Appendage     Tmut           34%        N/A       2%          1
b - Wereblood             Tmut           17%        N/A       3%          2

Your spell library contained the following spells:

 Spells                   Type           Power      Damage    Failure   Level
 Spider Form              Tmut/Pois      10%        N/A       21%         3
 Ensorcelled Hibernation  Hex/Ice        4%         N/A       30%         2
 Dazzling Flash           Conj/Hex       4%         N/A       52%         3
 Ice Form                 Ice/Tmut       10%        N/A       54%         4
 Anguish                  Hex/Necr       1%         N/A       89%         4
 Agony                    Necr           2%         N/A       99%         5
 Silence                  Hex/Air        1%         N/A       99%         5


Dungeon Overview and Level Annotations

Branches:
Dungeon (5/15)
 Temple: D:4-7

Altars:
Ashenzari
Qazlal


Innate Abilities, Weirdness & Mutations

You have temporarily grown beastly horns.
((You are very nimble when in or above water. (Stealth+, EV+, Speed+++)))
Your lower body shifts to a powerful aquatic tail in water.


Message History

The jelly quivers.
Casting: Wereblood (safe; 3% risk of failure)
Confirm with . or Enter, or press ? or * to list all spells.
You grow a pair of large bovine horns.
Found 9 gold pieces.
A white imp comes into view.
You hit the jelly.
Your hands burn!
You headbutt the jelly, but do no damage.
The jelly is moderately wounded.
The jelly misses you.
You hit the jelly but do no damage. The acid corrodes you!
Your hands burn!
You headbutt the jelly!
The jelly is heavily wounded.
The jelly hits you.
You are splashed with acid!
You hit the jelly.
Your hands burn!
You headbutt the jelly!
The jelly is almost dead.
The white imp shouts!
The jelly hits you.
You are splashed with acid!
You hit the jelly.
You feel a bit better.
You kill the jelly!
The white imp gestures at you. The puff of frost hits you!
* * * LOW HITPOINT WARNING * * *
You feel better.
You hit the white imp but do no damage. Your headbutt misses the white imp.
The white imp hits you. The white imp freezes you.
* * * LOW HITPOINT WARNING * * *
You hit the white imp but do no damage.
You headbutt the white imp, but do no damage.
The white imp gestures at you. The puff of frost hits you!
* * * LOW HITPOINT WARNING * * *
You closely miss the white imp.
Your transformation is almost over.
The white imp completely misses you.
You barely miss the white imp. You headbutt the white imp.
The white imp is moderately wounded.
The white imp gestures at you. The puff of frost hits you!
You die...

.. .$ #.#
###.# .... #
##.#####.####
##...#.5......
#.....@#
##...#.#
##.##.# #.##.#
#.##.# #.##..
#.#### #.# #.#


You could see a white imp.

Vanquished Creatures
  Sigmund (D:2)
  An ogre (D:4)
  A phantom (D:4)
  A scorpion (D:4)
  A jelly (D:5)
  4 gnolls
  6 adders
  An ufetubus (D:4)
  A worm (D:2)
  A dart slug (D:4)
  4 orcs (D:3)
  7 endoplasms
  2 giant cockroaches (D:3)
  5 goblins
  8 hobgoblins
  6 jackals (D:3)
  6 kobolds
  6 quokkas
  3 ball pythons
  5 bats
  2 frilled lizards
  3 rats (D:2)
75 creatures vanquished.

Notes
Turn   | Place    | Note
-------+----------+-------------------------------------------
     0 | D:1      | Babbit the Merfolk Transmuter began the quest for the Orb.
     0 | D:1      | Reached XP level 1. HP: 15/15 MP: 3/3
   318 | D:1      | Reached XP level 2. HP: 17/21 MP: 3/5
   323 | D:1      | Learned a level 2 spell: Wereblood
   607 | D:1      | Identified a scroll of acquirement
   607 | D:1      | Acquired the amulet "Mecoadel" {Acrobat Dex+3}
  1153 | D:2      | Reached XP level 3. HP: 12/26 MP: 0/6
  1330 | D:2      | Noticed Sigmund
  1369 | D:2      | Killed Sigmund
  1370 | D:2      | Reached skill level 1 in Stealth
  1370 | D:2      | Reached XP level 4. HP: 16/32 MP: 6/8
  1370 | D:2      | Reached XP level 5. HP: 18/37 MP: 6/9
  2234 | D:3      | Reached XP level 6. HP: 43/43 MP: 8/10
  2254 | D:3      | Found a broken altar of Ashenzari.
  2501 | D:3      | Found a stormy altar of Qazlal.
  3424 | D:4      | Reached skill level 5 in Unarmed Combat
  3984 | D:4      | Reached XP level 7. HP: 36/49 MP: 9/12
  4063 | D:4      | Reached skill level 5 in Transmutations
  4642 | D:5      | Entered Level 5 of the Dungeon
  4813 | D:5      | Killed from afar by a white imp

Illustrated notes

Levels and vault maps discovered:
D:1:      kennysheep_arrival_forest, layout_basic
D:2:      layout_loops_corners, uniq_sigmund
D:3:      layout_basic, grunt_qazlal_clouds, ashenzari_altar_1
D:4:      layout_gridville
D:5:      layout_loops_corners, minmay_temple_entry_butterflies

Skill      XL: |  1  2  3  4  5  6  7 |
---------------+----------------------+-----
Transmutations | 3 4 5 |  5.2
Dodging        | 3 4 |  4.7
Stealth        | 1 |  1.5
Unarmed Combat | 4 5 |  5.6
Spellcasting   | 3 |  3.9
Fighting       | |  1.9

Action                     |  1- 3 |  4- 6 |  7- 9 || total
---------------------------+-------+-------+-------++-------
  Melee: Unarmed           |    86 |   199 |    29 ||   314
         Headbutt          |    10 |    12 |     8 ||    30
         Punch             |     2 |     5 |     1 ||     8
   Cast: Beastly Appendage |    17 |    11 |     3 ||    31
         Wereblood         |     3 |    29 |     6 ||    38
    Use: Scroll            |     2 |     7 |     3 ||    12
         Potion            |     1 |       |     1 ||     2
   Stab: Sleeping          |     1 |     2 |       ||     3
 Armour: Robe              |     3 |    29 |     5 ||    37
         Skin              |     2 |       |       ||     2
  Dodge: Dodged            |    59 |   145 |    22 ||   226
